 Dungeon Crawl Stone Soup version 0.21-a0-59-g7b0e191 (webtiles) character file.

2117 xgamer67 the Firebug (level 9, -1/68 HPs)
             Began as a Hill Orc Fire Elementalist on June 16, 2017.
             Was a Follower of Ashenzari.
             Killed from afar by an electric eel (16 damage)
             ... with a bolt of electricity
             ... on level 7 of the Dungeon.
             The game lasted 00:26:31 (9001 turns).

xgamer67 the Firebug (Hill Orc Fire Elementalist)   Turns: 9001, Time: 00:26:32

Health: -1/68      AC:  4    Str: 14    XL:     9   Next: 29%
Magic:  11/22      EV: 16    Int: 15    God:    Ashenzari [*.....]
Gold:   512        SH:  0    Dex: 11    Spells: 4/14 levels left

rFire    . . .     SeeInvis .   a - +0 war axe
rCold    . . .     Gourm    .   (no shield)
rNeg     . . .     Faith    .   t - +0 leather armour
rPois    .         Spirit   .   e - +0 helmet (curse)
rElec    .         Reflect  .   (no cloak)
rCorr    .         Harm     .   (no gloves)
MR       .....                  (no boots)
Stlth    +.........             H - amulet of rage
HPRegen  0.21/turn              y - ring of magical power
MPRegen  0.18/turn              i - +5 ring of evasion (curse)

@: very slightly contaminated
A: no striking features
a: Curse Item, Scrying, Renounce Religion, Evoke Berserk Rage


You were on level 7 of the Dungeon.
You worshipped Ashenzari.
Ashenzari was aware of your devotion.
You were very hungry.

You visited 2 branches of the dungeon, and saw 8 of its levels.
You also visited: Ossuary.

You collected 512 gold pieces.

Inventory:

Hand Weapons
 a - a +0 war axe (weapon)
 E - a +0 dagger
 I - a +1 hand axe
Armour
 e - a cursed +0 helmet (worn)
 k - a +1 hat
 m - a +0 plate armour
 s - a +0 ring mail
 t - a +0 leather armour (worn)
 A - a +0 scale mail
Jewellery
 i - a cursed +5 ring of evasion (right hand)
 y - a ring of magical power (left hand)
 H - an amulet of rage (around neck)
Wands
 B - a wand of disintegration (17/24)
 C - a wand of clouds (7/9)
Scrolls
 f - a scroll of fear {unknown}
 h - 5 scrolls of fog
 j - 3 scrolls of remove curse
 n - 2 scrolls of immolation
 q - a scroll of noise {unknown}
 r - 3 scrolls of enchant weapon
 w - 4 scrolls of teleportation
 D - a scroll of magic mapping {unknown}
 L - 2 scrolls of blinking
 M - a scroll of recharging {unknown}
Potions
 d - a potion of ambrosia
 g - 3 potions of curing
 p - a potion of might
 u - 4 potions of brilliance
 v - a potion of mutation
 x - 5 potions of flight
 z - a potion of agility
 F - a potion of magic
 G - 5 potions of heal wounds
 J - 2 potions of lignification
Books
 b - a book of Flames

   Spells                             Type                      Level
   a - Flame Tongue                   Conjuration/Fire             1
   b - Throw Flame                    Conjuration/Fire             2
   c - Conjure Flame                  Conjuration/Fire             3
   d - Inner Flame                    Hexes/Fire                   3
   e - Sticky Flame                   Conjuration/Fire             4
   f - Fireball                       Conjuration/Fire             5
Comestibles
 c - 8 bread rations
 l - 6 meat rations
 o - 2 royal jellies


   Skills:
 + Level 2.7 Fighting
 + Level 7.3 Axes
 - Level 1.5 Dodging
 - Level 1.5 Stealth
 - Level 3.0 Spellcasting
 + Level 7.1 Conjurations
 + Level 7.8 Fire Magic


You had 4 spell levels left.
You knew the following spells:

 Your Spells              Type           Power        Failure   Level  Hunger
a - Flame Tongue          Conj/Fire      ###..        1%          1    #......
b - Throw Flame           Conj/Fire      ###...       1%          2    ##.....
c - Conjure Flame         Conj/Fire      ###.....     3%          3    ###....
d - Sticky Flame          Conj/Fire      ###.....     12%         4    #####..


Dungeon Overview and Level Annotations

Branches:
Dungeon (7/15)             Temple (1/1) D:4

Altars:
Ashenzari
Cheibriados
Elyvilon
Fedhas
Gozag
Hepliaklqana
Kikubaaqudgha
Makhleb
Nemelex Xobeh
Qazlal
Ru
Sif Muna
Trog
Uskayaw
Vehumet
Wu Jian
Xom
Yredelemnul
Zin
The Shining One


Message History

The electric eel is engulfed in a cloud of scalding steam.
The electric eel shoots out a bolt of lightning at you!
The bolt of electricity hits you!
Casting: Throw Flame
Confirm with . or Enter, or press ? or * to list all spells.
Aiming: Throw Flame
Press: ? - help, Shift-Dir - straight line, f/p - electric eel
Aim: an electric eel (steam, water, severely wounded)
The puff of flame hits the electric eel.
You kill the electric eel!
The electric eel shoots out a bolt of lightning at you!
The bolt of electricity hits you!
* * * LOW HITPOINT WARNING * * *
A hound comes into view.
There is a stone staircase leading down here.
The hound moves out of view.
You start resting.
The electric eel shoots out a bolt of lightning at you!
The bolt of electricity hits you!
You die...

###.##...##......#
......##.##.......#
..##...##'........#
.......#......>..#
#........#........
####.##.##........
#..#..........#
#######.)(#........#
#..@...##.##.......#
#..####>##.##.......#
#......!...######.#..
≈;..............
.....
≈≈≈P≈≈....###.h##
.≈≈≈≈≈≈≈...$ ...# ≈
P≈≈≈≈..≈P.. .#..
≈≈≈≈P≈≈≈≈≈≈≈ .
.≈≈≈≈≈≈≈≈≈≈≈.


You could see an electric eel.

Vanquished Creatures
  Eustachio (D:5)
  A hungry ghost (D:7)
  A sky beast (D:6)
  An ice beast (D:5)
  3 ogres
  A centaur (D:5)
  An elf zombie (Ossuary)
  4 bullfrogs
  3 electric eels (D:7)
  A howler monkey (D:7)
  6 crimson imps
  A human zombie (Ossuary)
  5 hounds
  A bullfrog skeleton (D:5)
  Jessica (D:3)
  An iguana (D:6)
  Ijyb (D:4)
  Natasha (D:4)
  3 worker ants
  Terence (D:3)
  A big kobold zombie (Ossuary)
  A hound zombie (Ossuary)
  4 mummies (Ossuary)
  3 gnolls (D:6)
  3 adders
  2 shadow imps (D:5)
  2 oozes
  3 adder zombies (Ossuary)
  3 adder skeletons
  2 worms (D:2)
  2 dart slugs
  4 leopard geckos
  4 orcs
  4 bats
  4 giant cockroaches
  3 hobgoblins
  10 jackals
  4 quokkas
  3 ball pythons
  5 frilled lizards
  7 goblins
  A goblin zombie (Ossuary)
  A hobgoblin zombie (Ossuary)
  A jackal zombie (Ossuary)
  2 kobolds
  A kobold zombie (Ossuary)
  An orc zombie (Ossuary)
  4 rats
123 creatures vanquished.

Notes
Turn   | Place    | Note
-------+----------+-------------------------------------------
     0 | D:1      | xgamer67 the Hill Orc Fire Elementalist began the quest for the Orb.
     0 | D:1      | Reached XP level 1. HP: 14/14 MP: 3/3
   555 | D:1      | Reached XP level 2. HP: 20/20 MP: 0/4
  1231 | D:2      | Found a sacrificial altar of Ru.
  1345 | D:2      | You fall through a shaft!
  1411 | D:3      | Reached XP level 3. HP: 13/26 MP: 3/5
  1679 | D:2      | Learned a level 3 spell: Conjure Flame
  1706 | D:2      | Found a bloodstained altar of Trog.
  2074 | D:2      | Reached XP level 4. HP: 32/33 MP: 1/6
  2510 | D:2      | Learned a level 2 spell: Throw Flame
  2756 | D:3      | Found a burning altar of Makhleb.
  3109 | D:3      | Reached XP level 5. HP: 39/39 MP: 7/8
  3288 | D:3      | Noticed Jessica
  3292 | D:3      | Noticed Terence
  3302 | D:3      | Killed Jessica
  3302 | D:3      | Reached skill level 1 in Fighting
  3374 | D:3      | Killed Terence
  3645 | D:4      | Found a shimmering altar of Xom.
  3645 | D:4      | Found a shimmering altar of Xom.
  3653 | D:4      | Found a shimmering altar of Xom.
  3653 | D:4      | Found a shimmering altar of Xom.
  3728 | D:4      | Found a shimmering altar of Xom.
  3728 | D:4      | Found a shimmering altar of Xom.
  3813 | D:4      | Found a staircase to the Ecumenical Temple.
  3829 | Temple   | Entered the Ecumenical Temple
  4043 | Temple   | Became a worshipper of Ashenzari the Shackled
  4232 | D:4      | Noticed Natasha
  4238 | D:4      | Killed Natasha
  4238 | D:4      | Reached XP level 6. HP: 39/48 MP: 9/9
  4382 | D:4      | Noticed Ijyb
  4397 | D:4      | Killed Ijyb
  4552 | D:4      | Found a deep blue altar of Sif Muna.
  4839 | D:4      | Found a glowing silver altar of Zin.
  4839 | D:4      | Found a radiant altar of Vehumet.
  4852 | D:5      | Entered Level 5 of the Dungeon
  4866 | D:5      | Found a shimmering altar of Xom.
  4939 | D:5      | Found a hide-covered altar of Uskayaw.
  4940 | D:5      | Noticed a hand axe
  4940 | D:5      | Noticed a dagger
  5437 | D:5      | Noticed an ice beast
  5450 | D:5      | Killed an ice beast
  5450 | D:5      | Reached skill level 1 in Axes
  5450 | D:5      | Reached skill level 5 in Fire Magic
  5516 | D:5      | Learned a level 4 spell: Sticky Flame
  5653 | D:5      | Reached * piety under Ashenzari
  5728 | D:5      | Reached XP level 7. HP: 36/56 MP: 11/11
  5860 | D:5      | Noticed Eustachio
  5970 | D:5      | Killed Eustachio
  6135 | D:5      | Reached skill level 5 in Conjurations
  6368 | D:6      | Found a sparkling altar of Nemelex Xobeh.
  6796 | D:6      | Reached XP level 8. HP: 62/62 MP: 12/12
  6892 | D:6      | Found a white marble altar of Elyvilon.
  7236 | D:6      | Reached skill level 5 in Axes
  8341 | D:7      | Found a blossoming altar of Fedhas.
  8377 | D:7      | Reached XP level 9. HP: 57/68 MP: 11/13
  8553 | D:7      | Found a sand-covered staircase.
  8558 | Ossuary  | Entered an ossuary
  9001 | D:7      | Killed from afar by an electric eel

Vault maps used:
D:1:      onia_arrival_mini_spirals
D:2:      lemuel_coloured_pillars_altar, lemuel_doored_altar,
          serial_corexii_hall, corexii_hall_statues_l, corexii_hall_statues_u
D:3:      minmay_wonky_spiral, makhleb_heckhound_becter, minmay_misc_feat_cross,
          uniq_jessica, uniq_terence
D:4:      nicolae_overflow_hidden_temple, gammafunk_temple_overflow_wave,
          minmay_temple_entry_statues_pillars, xom_redecorated, uniq_ijyb,
          uniq_natasha
D:5:      lemuel_round_altar, dancing_weapons_uskayaw, first_bread,
          uniq_eustachio
D:6:      nemelex_xobeh_ov_fountains_minmay, elyvilon_altar_5, st_stairs_8
D:7:      old_standard_altar, serial_corexii_hall, corexii_hall_statues_x,
          corexii_hall_statues_l, enter_ossuary_5, grunt_ogre_cave,
          chequers_big_river
Temple:   chequers_temple_sunken
Ossuary:  ossuary_minmay_tomb_2a

Skill      XL: |  1  2  3  4  5  6  7  8  9 |
---------------+----------------------------+-----
Conjurations   | 2 3 4 5 6 7 |  7.1
Spellcasting   | 2 3 |  3.0
Fire Magic     | 4 5 7 |  7.8
Fighting       | 2 |  2.7
Axes           | 2 4 6 7 |  7.3
Dodging        | |  1.5
Stealth        | |  1.5

Action                   |  1- 3 |  4- 6 |  7- 9 || total
-------------------------+-------+-------+-------++-------
Melee: Dagger            |   100 |    61 |       ||   161
       Unarmed           |     5 |       |       ||     5
       Hand axe          |       |   123 |   302 ||   425
       War axe           |       |       |    84 ||    84
 Cast: Flame Tongue      |    27 |    78 |   103 ||   208
       Conjure Flame     |       |     3 |     1 ||     4
       Throw Flame       |       |    11 |    19 ||    30
       Sticky Flame      |       |       |     3 ||     3
Invok: Curse Item        |       |     1 |     1 ||     2
  Use: Scroll            |     6 |     9 |     3 ||    18
 Stab: Sleeping          |     5 |     3 |       ||     8
       Distracted        |       |     1 |     1 ||     2
  Eat: Chunk             |     4 |    13 |    13 ||    30
       Royal jelly       |       |       |     2 ||     2
Armor: Robe              |    11 |       |       ||    11
       Leather armour    |    12 |    59 |    73 ||   144
Dodge: Dodged            |    71 |   164 |   393 ||   628
